Map: Base du roi Sejong EC

Players

Naffy - Winner!

  • Race: Terran Terran
  • League: Grandmaster

zuka

  • Race: Protoss Protoss
  • League: Master

VOD

Have the link to the VOD?

Description

Time

  • Played on: July 28, 2016, 3:45 a.m.
  • Length: 8:16
Show
View Real Time Build Order
Export as new Build Order

Naffy Terran - Winner!

Build Orders:  

Get SALT Encoding   

  12  0:01  SCV  
  13  0:13  SCV  
  14  0:17  Supply Depot  
  14  0:25  SCV  
  15  0:39  SCV, Barracks  
  16  0:44  Refinery  
  16  0:51  SCV  
  17  1:03  SCV  
  18  1:15  SCV  
  19  1:27  Orbital Command  
  19  1:28  Barracks Reactor  
  19  1:46  Command Center  
  19  1:55  SCV  
  19  2:01  Supply Depot  
  20  2:08  Marine x2  
  21  2:10  SCV  
  21  2:15  Factory  
  23  2:24  Bunker  
  23  2:27  Marine x2  
  25  2:30  SCV  
  26  2:42  SCV  
  27  2:44  Marine x2  
  27  2:47  Refinery  
  29  3:06  SCV  
  29  3:07  Starport  
  29  3:09  Orbital Command  
  30  3:16  Supply Depot  
  30  3:18  Factory Tech Lab  
  30  3:19  Marine  
  31  3:30  SCV  
  32  3:37  Siege Tank  
  32  3:39  Marine x2  
  37  3:42  Supply Depot, SCV  
  37  3:48  SCV  
  39  3:50  Medivac  
  41  3:56  SCV  
  41  4:00  Marine x2, SCV  
  45  4:12  SCV  
  45  4:13  SCV  
  44  4:20  Siege Tank, Marine x2  
  48  4:25  SCV  
  49  4:33  SCV  
  49  4:38  Marine x2  
  52  4:47  SCV  
  52  4:48  SCV  
  52  4:50  Medivac  
  52  4:51  Supply Depot  
  56  4:59  Supply Depot, SCV  
  57  5:00  SCV  
  57  5:02  Marine x2  
  60  5:07  Supply Depot  
  60  5:12  Siege Tank  
  63  5:15  SCV  
  63  5:27  SCV x2  
  56  5:38  Marine x2  
  56  5:39  SCV x2  
  56  5:40  Bunker  
  60  5:48  Siege Tank, Medivac  
  65  5:51  SCV x2  
  65  5:56  Marine x2  
  69  6:03  SCV x2  
  71  6:15  SCV x2  
  63  6:27  SCV  
  63  6:28  SCV  
  59  6:33  Marine x2  
  59  6:34  Siege Tank  
  59  6:37  Viking  
  59  6:39  SCV  
  67  6:40  SCV  
  68  6:53  SCV  
  69  7:09  Siege Tank, Marine  
  69  7:10  Marine  
  69  7:11  Viking  
  69  7:12  SCV x2  
  78  7:16  Supply Depot, Barracks  
  78  7:17  Barracks  
  78  7:23  Refinery  
  78  7:24  Refinery  
  78  7:37  SCV x2  
  79  7:49  Marine x2, SCV x2  
  84  7:56  Supply Depot x2  
Show
View Real Time Build Order
Export as new Build Order

zuka Protoss 

Build Orders:  

Get SALT Encoding   

  12  0:00  Probe (Chrono Boost)  
  13  0:11  Probe (Chrono Boost)  
  14  0:19  Pylon  
  14  0:22  Probe (Chrono Boost)  
  15  0:37  Gateway, Probe (Chrono Boost)  
  16  0:47  Assimilator  
  16  0:48  Probe (Chrono Boost)  
  17  0:51  Assimilator  
  17  0:58  Probe (Chrono Boost)  
  18  1:09  Probe (Chrono Boost)  
  19  1:13  Gateway  
  19  1:19  Probe (Chrono Boost)  
  20  1:27  Cybernetics Core  
  20  1:30  Probe (Chrono Boost)  
  21  1:43  Pylon  
  21  1:44  Pylon  
  21  1:47  Probe (Chrono Boost)  
  22  1:59  Warp Gate  
  22  2:03  Adept  
  22  2:07  Adept, Mothership Core (Chrono Boost)  
  28  2:31  Robotics Facility  
  28  2:34  Gateway  
  28  2:50  Gateway  
  28  3:02  Pylon  
  27  3:15  Pylon  
  27  3:18  Pylon  
  27  3:26  Warp Prism  
  29  3:40  Pylon  
  29  3:57  Immortal  
  29  4:02  Adept x2, Sentry  
  39  4:03  Sentry  
  41  4:31  Immortal, Stalker  
  41  4:33  Stalker  
  49  4:49  Stalker  
  49  4:51  Stalker  
  53  5:03  Stalker  
  55  5:09  Stalker  
  47  5:31  Immortal  
  51  5:43  Stalker  
  51  5:45  Stalker  
  55  5:53  Stalker  
  57  6:02  Stalker  
  35  6:37  Sentry  
  35  6:39  Zealot x3  
  43  6:52  Immortal  
  47  7:07  Stalker x2  
  51  7:12  Zealot  
  53  7:19  Stalker  
  55  7:31  Stalker  
  43  7:58  Stalker  
  45  8:02  Stalker  
  45  8:12  Stalker  
Tags
 
Add a new tag
Caveats
  • Supply blocks, unpowered buildings, or Contaminate may cause inaccurate times.
  • Supply counts are checked every 10 seconds.